 Dungeon Crawl Stone Soup version 0.31-a0-705-ga145531891 (webtiles) character file.

Game seed: 13550199330930721575

136 dondy the Changeling (level 5, 0/38 HPs)
             Began as a Merfolk Shapeshifter on Sept 9, 2023.
             Was a Believer of Jiyva.
             Slain by Blork the orc
             ... wielding a +4 mace of protection
              (13 damage)
             ... on level 4 of the Dungeon.
             The game lasted 00:06:33 (2536 turns).

dondy the Changeling (Merfolk Shapeshifter)         Turns: 2536, Time: 00:06:34

Health: 0/38       AC:  6    Str: 14    XL:     5   Next: 19%
Magic:  5/5        EV: 13    Int: 12    God:    Jiyva [**....]
Gold:   144        SH:  0    Dex: 13    Spells: 4/4 levels left

rFire   . .          .
                       - Unarmed
rCold   . . .        (no shield)
rNeg    . . .        j - +3 leather armour
rPois   .            (helmet currently unavailable)
rElec   .            (cloak currently unavailable)
rCorr   +            (gloves currently unavailable)
SInv    .            (boots currently unavailable)
Will    +....        w - amulet of regeneration
Stlth   +            t - ring of willpower
HPRegen 2.02/turn    (no ring)
MPRegen 0.39/turn

%: no passive effects
@: beast-form
A: beast (slay +2), (nimble swimmer 2), mertail
a: Begin Untransformation, Renounce Religion


You were on level 4 of the Dungeon.
You worshipped Jiyva.
Jiyva was pleased with you.
You were a hulking beast.
You visited 2 branches of the dungeon, and saw 5 of its levels.
You also visited: Sewer.

You collected 144 gold pieces.

Inventory:

Missiles
 x - 6 poisoned darts
Armour
 e - a scarf of resistance
 j - a +3 leather armour (worn)
 r - an orb of wrath
Jewellery
 l - an amulet of faith
 t - a ring of willpower (left hand)
 w - an amulet of regeneration (around neck)
Talismans
 c - a beast talisman (active)
 d - a flux talisman
 z - a blade talisman
Wands
 p - a wand of light (12)
Scrolls
 a - 2 scrolls of revelation {unknown}
 f - 3 scrolls of poison {unknown}
 g - a scroll of brand weapon {unknown}
 h - a scroll of fog {unknown}
 k - 4 scrolls of teleportation {unknown}
 o - a scroll of identify {unknown}
 q - 2 scrolls of fear {unknown}
 y - a scroll of vulnerability {unknown}
Potions
 b - a potion of lignification
 i - 2 potions of haste {unknown}
 m - 3 potions of curing {unknown}
 n - a potion of might {unknown}
 s - a potion of attraction {unknown}
 u - a potion of berserk rage {unknown}
 v - a potion of resistance {unknown}


   Skills:
 - Level 2.0 Fighting
 - Level 4.0 Dodging
 * Level 4.8 Unarmed Combat
 + Level 4.8 Shapeshifting


You had 4 spell levels left.
You didn't know any spells.
Your spell library contained the following spells:

 Spells                   Type           Power      Damage    Failure   Level
 Ensorcelled Hibernation  Hex/Ice        0%         N/A       54%         2
 Passwall                 Tmut/Erth      0%         N/A       54%         2
 Gell's Gravitas          Tloc           0%         N/A       77%         3
 Swiftness                Air            0%         N/A       77%         3
 Teleport Other           Tloc           0%         N/A       77%         3
 Dispersal                Tloc           0%         N/A       100%        6


Dungeon Overview and Level Annotations

Branches:
Dungeon (4/15)             Temple (1/1) D:4           Sewer (visited)

Altars:
Ashenzari
Cheibriados
Elyvilon
Gozag
Hepliaklqana
Makhleb
Nemelex Xobeh
Okawaru
Qazlal
Ru
Trog
Uskayaw
Vehumet
Wu Jian
Yredelemnul
Zin
Jiyva

Shops:
D:1 [

Annotations:
D:4 Blork the orc


Innate Abilities, Weirdness & Mutations

You are a hulking beast.
Your limbs bulge with bestial killing power. (Slay +2)
((You are very nimble when in or above water. (Stealth+, EV+, Speed+++)))
Your lower body shifts to a powerful aquatic tail in water.


Message History

Blork the orc is lightly wounded.
Blork the orc hits you with a +4 mace of protection!
You hit Blork the orc.
Blork the orc is moderately wounded.
Blork the orc casts a spell at you. The puff of frost hits you!
You completely miss Blork the orc.
Blork the orc is moderately wounded.
Blork the orc points at you and mumbles some strange words.
The puff of flame hits you!
You hit Blork the orc.
Blork the orc is heavily wounded.
Blork the orc casts a cantrip, but nothing happens.
You closely miss Blork the orc.
Blork the orc is heavily wounded.
Blork the orc completely misses you.
You closely miss Blork the orc.
Blork the orc is heavily wounded.
Blork the orc barely misses you.
You hit Blork the orc.
Blork the orc is heavily wounded.
You closely miss Blork the orc.
Blork the orc is heavily wounded.
Blork the orc points at you and mumbles some strange words.
The puff of frost hits you!
You hit Blork the orc.
Blork the orc is heavily wounded.
Blork the orc hits you with a +4 mace of protection!
You hit Blork the orc but do no damage.
Blork the orc is heavily wounded.
Blork the orc casts a spell at you. The puff of frost hits you!
* * * LOW HITPOINT WARNING * * *
You hit Blork the orc.
Blork the orc is severely wounded.
Blork the orc barely misses you.
You punch Blork the orc!
Blork the orc is almost dead.
Blork the orc hits you with a +4 mace of protection!
You die...

#.#.# #. #. #.#.# #.
#.##.#.# ### ###.
#.##.#.# #.# ####
#.##<#.# #.####⌠.
#.##.#.######....'.>
#.##..........####⌠.
######.#############
###'
+.......ho......
###.
######.######### #.
#.# #. #.# ### #.
#.# #.###. #.#
#..... #.# #.####
#.#############.#
#...............#


You could see Blork the orc.

Vanquished Creatures
  7 adders
  A worm (D:2)
  A dart slug (D:2)
  5 orcs (D:3)
  3 ball pythons
  8 bats
  6 endoplasms
  5 giant cockroaches
  2 goblins
  5 hobgoblins (D:1)
  6 quokkas
  2 frilled lizards (D:2)
  6 kobolds
  6 rats
  A spectral hobgoblin (D:3)
64 creatures vanquished.

Vanquished Creatures (others)
  A scorpion (D:3)
  2 adders
  A dart slug (D:3)
  5 endoplasms
  An orc (D:4)
  A bat (D:3)
  2 giant cockroaches
  A frilled lizard (Sewer)
  4 rats (Sewer)
18 creatures vanquished.

Grand Total: 82 creatures vanquished

Notes
Turn   | Place    | Note
-------+----------+-------------------------------------------
     0 | D:1      | dondy the Merfolk Shapeshifter began the quest for the Orb.
     0 | D:1      | Reached XP level 1. HP: 15/15 MP: 1/1
   114 | D:1      | Reached XP level 2. HP: 16/21 MP: 2/2
   511 | D:1      | Reached XP level 3. HP: 26/26 MP: 3/3
   677 | D:1      | Found Isaher's Armour Shoppe.
  1322 | D:2      | Reached XP level 4. HP: 30/33 MP: 4/4
  1628 | D:3      | Found a faded altar of an unknown god.
  1632 | D:3      | Prayed at the altar of an unknown god.
  1632 | D:3      | Became a worshipper of Jiyva Jighel the Shapeless
  1632 | D:3      | Reached * piety under Jiyva
  1758 | D:3      | Found a glowing drain.
  1774 | Sewer    | Entered a sewer
  1843 | Sewer    | Reached XP level 5. HP: 38/38 MP: 5/5
  1844 | Sewer    | Reached ** piety under Jiyva
  1859 | Sewer    | Found a viscous altar of Jiyva.
  2474 | D:4      | Found a staircase to the Ecumenical Temple.
  2479 | Temple   | Entered the Ecumenical Temple
  2521 | D:4      | Noticed Blork the orc
  2536 | D:4      | Slain by Blork the orc

Illustrated notes

Levels and vault maps discovered:
D:1:      minmay_arrival_four_circles, layout_basic, serial_shops,
          nicolae_shop_waterfront, minmay_tetromino_s2
D:2:      layout_rooms
D:3:      layout_basic, dreamdust_ecumenical_altar_drowned_temple,
          portal_sewer_entry_f
D:4:      layout_basic, temple_doors_e, kennysheep_nub, uniq_blork_the_orc
Temple:   nicolae_temple_superstar

Skill      XL: |  1  2  3  4  5 |
---------------+----------------+-----
Dodging        | 3 4 |  4.0
Unarmed Combat | 4 |  4.8
Fighting       | 2 |  2.0
Shapeshifting  | |  4.8

Action                     |  1- 3 |  4- 6 || total
---------------------------+-------+-------++-------
  Melee: Unarmed           |   103 |   106 ||   209
         Punch             |     2 |     2 ||     4
         Tailslap          |       |     4 ||     4
   Stab: Sleeping          |     1 |     1 ||     2
 Armour: Animal skin       |    21 |       ||    21
         Leather armour    |    49 |    39 ||    88
  Dodge: Dodged            |    69 |    60 ||   129

Table legend: (Time is in decaauts)
 A = Elapsed time spent in this place.
 B = Non-inter-level travel time spent in this place.
 C = Inter-level travel time spent in this place.
 D = Time resting spent in this place.
 E = Time spent auto-exploring this place.
 F = Levels seen in this place.
 G = Mean time per level.
                   A        B        C        D        E       F      G
               +--------+--------+--------+--------+--------+-----+--------+
         Total |   2477 |   2428 |     49 |    215 |   1585 |   6 |  412.8 |
       Dungeon |   2352 |   2303 |     49 |    215 |   1526 |   4 |  588.0 |
        Temple |      1 |      1 |      0 |      0 |      0 |   1 |    1.0 |
         Sewer |    124 |    124 |      0 |      0 |     58 |   1 |  124.0 |
               +--------+--------+--------+--------+--------+-----+--------+

Top non-repeatable levels by time:
     D:1: 962 daAuts
     D:3: 663 daAuts
     D:2: 650 daAuts
   Sewer: 124 daAuts
     D:4: 75 daAuts
  Temple: 1 daAuts
